 Dungeon Crawl Stone Soup version 0.14-a0-1403-g5d3c58f (webtiles) character file.

151 PolkaDot the Cutter (level 4, -1/34 HPs)
             Began as a Vampire Death Knight on Dec 10, 2013.
             Was a Believer of Yredelemnul.
             Succumbed to a kobold's poison
             ... on Level 3 of the Dungeon.
             The game lasted 00:05:15 (1370 turns).

PolkaDot the Cutter (Vampire Death Knight)          Turns: 1370, Time: 00:05:15

HP  -1/34        AC  6     Str 12      XL: 4   Next: 27%
MP   4/5         EV 13     Int 13      God: Yredelemnul [**....]
Gold 65          SH  0     Dex 14      Spells:  0 memorised,  3 levels left

rFire  . . .     SeeInvis +     a - +1 short sword
rCold  . . .     Clarity  .     b - +0 leather armour
rNeg   . . .     Conserve .     (no shield)
rPois  .         rCorr    .     c - +2 cap
rElec  .         rRot     .     (no cloak)
SustAb . .       Spirit   .     (no gloves)
rMut   .         Warding  .     h - +0 pair of dwarf boots
Saprov . . .     Stasis   .     k - amulet of the gourmand {unknown}
                                (no ring)
                                l - +1 ring of evasion

@: regenerating quickly, very poisoned, slightly resistant to hostile
enchantments, unstealthy
A: fangs 3, see invisible, unbreathing
a: Animate Remains, Recall Undead Slaves, Injury Mirror, Renounce Religion


You were on level 3 of the Dungeon.
You worshipped Yredelemnul.
Yredelemnul was pleased with you.
You were full.

You visited 1 branch of the dungeon, and saw 3 of its levels.

You collected 65 gold pieces.

Inventory:

Hand weapons
 a - a +1,+1 short sword (weapon)
 g - a +1,+2 dagger of holy wrath
Armour
 b - a +0 leather armour (worn)
 c - a +2 cap (worn)
 h - a +0 pair of dwarven boots (worn)
Scrolls
 d - a scroll of identify {unknown}
 e - a scroll of teleportation {unknown}
 f - a scroll of random uselessness {unknown}
 i - a scroll of curse jewellery {unknown}
 j - a scroll of fear {unknown}
Jewellery
 k - an amulet of the gourmand (around neck) {unknown}
 l - a +1 ring of evasion (left hand)


   Skills:
 + Level 2.5 Fighting
 + Level 3.2 Short Blades
 - Level 0.7 Armour
 * Level 3.2 Dodging
 - Level 2.4 Invocations


You had 3 spell levels left.
You didn't know any spells.

Dungeon Overview and Level Annotations

Branches:
Dungeon (3/16)

Altars:


Innate Abilities, Weirdness & Mutations

Your natural rate of healing is unusually fast.
You have razor-sharp teeth.*
You have supernaturally acute eyesight.
You can survive without breathing.*


Message History

This blood tastes delicious!
You stop draining the corpse.
All blood oozes out of the corpse!
* * * LOW HITPOINT WARNING * * *
You feel sick.
* * * LOW HITPOINT WARNING * * *
You feel very sick.
Things that are here:
an uncursed club; an uncursed orcish blowgun; 11 poisoned needles
* * * LOW HITPOINT WARNING * * *
You feel sick.
* * * LOW HITPOINT WARNING * * *
You feel sick.
* * * LOW HITPOINT WARNING * * *
You feel sick.
* * * LOW HITPOINT WARNING * * *
You feel very sick.
Things that are here:
a poisoned needle; 28 sling bullets You die...
Yredelemnul claims you as an undead slave.

### ..
##.# ...#
#..# #
###..#
#.##....#
#..<.(@.#
###..#(.#
#..#..#
#...#z.#
#..##..#
...##).#
##.###..#
#. #..# .
#..#


You could see a friendly hobgoblin zombie.

Vanquished Creatures
  2 adders (D:2)
  A worm (D:2)
  A giant gecko (D:1)
  An ooze (D:2)
  5 giant cockroaches
  7 goblins
  6 hobgoblins
  A quokka (D:2)
  7 bats
  2 giant newts
  6 kobolds
  8 rats (D:1)
47 creatures vanquished.

Vanquished Creatures (collateral kills)
  An adder (D:2)
  A worm (D:2)
  A giant gecko (D:2)
  A ball python (D:2)
  2 hobgoblins (D:2)
  A kobold (D:2)
  A bat (D:2)
8 creatures vanquished.

Vanquished Creatures (others)
  A goblin zombie (D:2)
  A hobgoblin zombie (D:2)
  A rat zombie (D:2)
3 creatures vanquished.

Grand Total: 58 creatures vanquished

Notes
Turn   | Place    | Note
--------------------------------------------------------------
     0 | D:1      | PolkaDot, the Vampire Death Knight, began the quest for the Orb.
     0 | D:1      | Reached XP level 1. HP: 16/16 MP: 1/1
   112 | D:1      | Reached XP level 2. HP: 11/22 MP: 2/2
   370 | D:1      | Acquired Yredelemnul's second power
   538 | D:1      | Reached XP level 3. HP: 23/27 MP: 4/4
   835 | D:2      | Reached skill level 3 in Short Blades
  1077 | D:2      | Reached XP level 4. HP: 24/34 MP: 5/5
  1370 | D:3      | Succumbed to a kobold's poison

Action                   |  1- 3 |  4- 6 || total
-------------------------+-------+-------++-------
Melee: Short sword       |   155 |    28 ||   183
Invok: Animate Remains   |     8 |     3 ||    11
  Use: Potion            |     1 |       ||     1
